 Dungeon Crawl Stone Soup version 0.21-a0-352-g5b8f553 (webtiles) character file.

15 tidbits the Magician (level 2, 8/26 HPs)
             Began as a Gnoll Wanderer on Oct 10, 2017.
             Quit the game on level 1 of the Dungeon.
             The game lasted 00:02:31 (247 turns).

tidbits the Magician (Gnoll Wanderer)                Turns: 247, Time: 00:02:33

Health: 8/26       AC:  2    Str: 14    XL:     2   Next: 50%
Magic:  4/7        EV: 11    Int: 13    God:
Gold:   31         SH:  0    Dex: 15    Spells: 3/10 levels left

rFire    . . .     SeeInvis .   c - +0 spear
rCold    . . .     Gourm    .   (no shield)
rNeg     . . .     Faith    .   d - +0 robe
rPois    .         Spirit   .   (no helmet)
rElec    .         Reflect  .   (no cloak)
rCorr    .         Harm     .   (no gloves)
MR       .....                  (no boots)
Stlth    ++........             (no amulet)
HPRegen  0.08/turn              (no ring)
MPRegen  0.10/turn              (no ring)

@: infused
A: distributed training, fangs 1, strong nose
a: no special abilities


You were on level 1 of the Dungeon.
You were not hungry.

You visited 1 branch of the dungeon, and saw 2 of its levels.

You collected 31 gold pieces.

Inventory:

Hand Weapons
 c - a +0 spear (weapon)
Armour
 d - a +0 robe (worn)
Potions
 e - a potion of mutation {unknown}
Books
 a - a book of Battle

   Spells                             Type                      Level
   a - Infusion                       Charms                       1
   b - Shroud of Golubria             Charms/Translocation         2
   c - Song of Slaying                Charms                       2
   d - Spectral Weapon                Hexes/Charms                 3
   e - Regeneration                   Charms/Necromancy            3
 b - Sif Muna's Incunabulum of Moulding

   Spells                             Type                      Level
   a - Sticks to Snakes               Transmutation                2
   b - Passwall                       Transmutation/Earth          2
Comestibles
 f - a bread ration


   Skills:
 + Level 4.5 Fighting
 + Level 0.4 Short Blades
 + Level 0.4 Long Blades
 + Level 0.4 Axes
 + Level 0.4 Maces & Flails
 + Level 0.4 Polearms
 + Level 0.4 Staves
 + Level 0.4 Slings
 + Level 0.4 Bows
 + Level 0.4 Crossbows
 + Level 2.5 Throwing
 + Level 0.4 Armour
 + Level 0.4 Dodging
 + Level 2.2 Stealth
 + Level 0.4 Shields
 + Level 0.4 Unarmed Combat
 + Level 4.9 Spellcasting
 + Level 0.4 Conjurations
 + Level 0.4 Hexes
 + Level 4.5 Charms
 + Level 0.4 Summonings
 + Level 0.4 Necromancy
 + Level 0.4 Translocations
 + Level 0.4 Transmutations
 + Level 0.4 Fire Magic
 + Level 2.5 Ice Magic
 + Level 0.4 Air Magic
 + Level 0.4 Earth Magic
 + Level 0.4 Poison Magic
 + Level 0.4 Invocations
 + Level 2.5 Evocations


You had 3 spell levels left.
You knew the following spells:

 Your Spells              Type           Power        Failure   Level  Hunger
g - Shroud of Golubria    Chrm/Tloc      #.........   11%         2    ##.....
i - Infusion              Chrm           ##..         3%          1    None
w - Passwall              Tmut/Erth      #.........   24%         2    ##.....
y - Song of Slaying       Chrm           ##......     4%          2    ##.....


Dungeon Overview and Level Annotations

Branches:
Dungeon (2/15)

Altars:


Innate Abilities, Weirdness & Mutations

Your experience applies equally to all skills.
You have very sharp teeth.
Your uncanny sense of smell can sniff out nearby items.


Message History

You hit the kobold.
You kill the kobold!
Items here: ( ) †† a dagger; 3 stones; a kobold corpse; a bat corpse The goblin shouts!
You see here a stone.
Attack whom?
Press: ? - help, Dir - move target cursor, f - goblin
Aim: a goblin, wielding a dagger You reach to attack!
You closely miss the goblin.
Items here: ( ) †† a dagger; 3 stones; a kobold corpse; a bat corpse You see here a stone.
Cast which spell? (? or * to list)
You begin infusing your attacks with magical energy.
The goblin hits you with a dagger.
* * * LOW HITPOINT WARNING * * *
Attack whom?
Press: ? - help, Dir - move target cursor, f - kobold, p - goblin
Aim: a kobold The goblin is in the way.
You barely miss the goblin. Your bite misses the goblin.
The goblin hits you with a dagger.
* * * LOW HITPOINT WARNING * * *
You hit the goblin!
You kill the goblin!
You hit the kobold!
You kill the kobold!
Items here: ( )) †††† You see here a stone.
You now have 27 gold pieces (gained 11).
Okay, then.
There is an escape hatch in the floor here.
You see here a stone.
Found 20 stones.
e - a black potion
Okay, then.
Your magical infusion is running out.
You are no longer magically infusing your attacks.
Magic restored.
Found a stone staircase leading up.
There is a stone staircase leading up here.
You climb upwards.
There is a stone staircase leading down here.
A kobold comes into view.
Attack whom?
Press: ? - help, Dir - move target cursor, f - kobold
Aim: a kobold You reach to attack!
You miss the kobold.
You are too injured to fight recklessly!
Casting: Infusion
Confirm with . or Enter, or press ? or * to list all spells.
You begin infusing your attacks with magical energy.
The kobold hits you.
* * * LOW HITPOINT WARNING * * *
You are too injured to fight recklessly!
You are too injured to fight recklessly!
You are too injured to fight recklessly!
You are too injured to fight recklessly!
You hit the kobold. You bite the kobold, but do no damage.
The kobold is severely wounded.
The kobold misses you. The kobold hits you but does no damage.
You hit the kobold!
You kill the kobold!
A rat comes into view.
Your magical infusion is running out.
Found 4 gold pieces.
You barely miss the rat. Your bite misses the rat. The rat barely misses you.
You barely miss the rat. The rat bites you but does no damage.
The rat bites you.
* * * LOW HITPOINT WARNING * * *
You hit the rat.
You kill the rat!
You are no longer magically infusing your attacks.
Found 9 gold pieces.
A giant cockroach comes into view.
Found 15 poisoned needles and 3 gold pieces.
You see here 4 gold pieces.
Found a pair of gloves.
You see here 4 gold pieces.
You now have 31 gold pieces (gained 4).
Casting: Infusion
Confirm with . or Enter, or press ? or * to list all spells.
You begin infusing your attacks with magical energy.
You are too injured to fight recklessly!
You are too injured to fight recklessly!
The giant cockroach bites you but does no damage. x2
You closely miss the giant cockroach. The giant cockroach bites you.
* * * LOW HITPOINT WARNING * * *
You hit the giant cockroach.
The giant cockroach is heavily wounded.
The giant cockroach barely misses you.
You barely miss the giant cockroach.
The giant cockroach is heavily wounded.
The giant cockroach bites you but does no damage.
The giant cockroach misses you.
You closely miss the giant cockroach.
The giant cockroach is heavily wounded.
The giant cockroach closely misses you.
Okay, then.
Are you sure you want to abandon this character and quit the game? (Confirm with "yes".)

#.......##.........
#......†######.#.#.
#..............#...
##.......###########
.........#
############.##
..............#
#.............#
#......s@.....#
#.............#
#...$..........#
........####...#
..(.....# #...#
..$.....# ...#
......... ...#
####.#..[ .# ###...


You could see a giant cockroach.

Vanquished Creatures
  An ooze (D:2)
  A dart slug (D:1)
  A bat (D:2)
  A goblin (D:2)
  A hobgoblin (D:1)
  A frilled lizard (D:1)
  3 kobolds
  A rat (D:1)
10 creatures vanquished.

Notes
Turn   | Place    | Note
-------+----------+-------------------------------------------
     0 | D:1      | tidbits the Gnoll Wanderer began the quest for the Orb.
     0 | D:1      | tidbits set off with: a book of Battle, Sif Muna's Incunabulum of Moulding, a +0 spear, a +0 robe, a bread ration
     0 | D:1      | Reached XP level 1. HP: 20/20 MP: 6/6
     0 | D:1      | Identified Sif Muna's Incunabulum of Moulding
    46 | D:2      | Reached XP level 2. HP: 11/26 MP: 7/7
    49 | D:2      | Learned a level 1 spell: Infusion
    52 | D:2      | Learned a level 2 spell: Song of Slaying
    55 | D:2      | Learned a level 2 spell: Shroud of Golubria
    58 | D:2      | Learned a level 2 spell: Passwall
    92 | D:2      | HP: 1/26 [goblin/dagger (2)]
   247 | D:1      | Quit the game

Vault maps used:
D:1:      saegor_arrival_simple_e, minmay_cupped
D:2:      first_bread

Action                   || total
-------------------------++-------
Melee: Spear             ||    45
       Bite              ||     4
 Cast: Infusion          ||     3
 Stab: Sleeping          ||     3
Armor: Robe              ||     9
Dodge: Dodged            ||    28

Table legend:
 A = Spawn XP
 B = Non-spawn XP
 C = Spawn XP percentage of total XP
 D = Spawn monster count
 E = Non-spawn monster count
 F = Spawn count percentage of total count
 G = Total turns spent on level
                    A         B        C        D         E        F      G
               +---------+---------+-------+---------+---------+-------+---------
         Total |       0 |      22 |   0.0 |       0 |      10 |   0.0 |   247
               +---------+---------+-------+---------+---------+-------+---------
           D:1 |       0 |       9 |   0.0 |       0 |       5 |   0.0 |    93
           D:2 |       0 |      13 |   0.0 |       0 |       5 |   0.0 |   154
               +---------+---------+-------+---------+---------+-------+---------

Table legend:
 A = Turns spent in this place as a percentage of turns spent in the entire game.
 B = Non-inter-level travel turns spent in this place as a percentage of non-inter-level travel turns spent in the entire game.
 C = Inter-level travel turns spent in this place as a percentage of turns spent in this place.
 D = Turns resting spent in this place as a percentage of non-inter-level travel turns spent in this place.
 E = Turns spent auto-exploring this place as a percentage of non-inter-level travel turns spent in this place.
 F = Non-inter-level travel turns spent in this place divided by the number of levels of this place that you've seen.
                   A       B       C       D       E      F
               +-------+-------+-------+-------+-------+----------------------
         Total | 100.0 | 100.0 |   0.0 |   0.0 |   0.0 | 123.5
       Dungeon | 100.0 | 100.0 |   0.0 |   0.0 |   0.0 | 123.5
               +-------+-------+-------+-------+-------+----------------------

Table legend:
 A = Kills in this place as a percentage of kills in entire the game.
 B = Kills by you in this place as a percentage of kills by you in the entire game.
 C = Kills by friends in this place as a percentage of kills by friends in the entire game.
 D = Other kills in this place as a percentage of other kills in the entire game.
 E = Experience gained in this place as a percentage of experience gained in the entire game.
 F = Experience gained in this place divided by the number of levels of this place that you have seen.
                   A       B       C       D       E      F
               +-------+-------+-------+-------+-------+----------------------
         Total | 100.0 | 100.0 |   N/A |   N/A | 100.0 |  11.0
       Dungeon | 100.0 | 100.0 |   N/A |   N/A | 100.0 |  11.0
               +-------+-------+-------+-------+-------+----------------------

Vault maps used:
D:1:      saegor_arrival_simple_e, minmay_cupped
D:2:      first_bread
